 Dungeon Crawl Stone Soup version 0.23-a0-171-g5ae17c6 (webtiles) character file.

206 Amnesiac the Magician (level 5, -5/35 HPs)
             Began as a Mummy Ice Elementalist on Sept 12, 2018.
             Was an Initiate of Kikubaaqudgha.
             Slain by an ogre
             ... wielding a +0 giant club
              (17 damage)
             ... on level 2 of the Dungeon.
             The game lasted 00:06:26 (2729 turns).

Amnesiac the Magician (Mummy Ice Elementalist)      Turns: 2729, Time: 00:06:27

Health: -5/35      AC:  4    Str: 11    XL:     5   Next: 53%
Magic:  9/11       EV: 11    Int: 16    God:    Kikubaaqudgha [......]
Gold:   96         SH:  0    Dex: 12    Spells: 2/12 levels left

rFire    x . .     SeeInvis .   e - +0 falchion
rCold    + . .     Gourm    .   (no shield)
rNeg     + + +     Faith    .   c - +0 leather armour (curse)
rPois    ∞         Spirit   .   (no helmet)
rElec    .         Reflect  .   (no cloak)
rCorr    .         Harm     .   a - +0 pair of gloves
MR       .....                  (no boots)
Stlth    +.........             (no amulet)
HPRegen  0.11/turn              (no ring)
MPRegen  0.12/turn              (no ring)

@: no status effects
A: no food or potions, fire vulnerability, cold resistance 1, negative energy
resistance 3, torment resistance, unbreathing
a: Renounce Religion


You were on level 2 of the Dungeon.
You worshipped Kikubaaqudgha.
Kikubaaqudgha was noncommittal.
You were not hungry.

You visited 1 branch of the dungeon, and saw 5 of its levels.

You collected 109 gold pieces.
You spent 13 gold pieces at shops.

Inventory:

Hand Weapons
 e - a +0 falchion (weapon)
Armour
 a - a +0 pair of gloves (worn)
 c - a cursed +0 leather armour (worn)
Wands
 d - a wand of paralysis (8)
Scrolls
 b - a scroll of blinking {!r}
 f - a scroll of amnesia {!r, unknown}
 g - a scroll of silence {!r, unknown}


   Skills:
 - Level 1.5 Dodging
 - Level 1.5 Stealth
 - Level 4.1 Spellcasting
 - Level 0.7 Conjurations
 + Level 2.3 Necromancy
 - Level 4.1 Ice Magic


You had 2 spell levels left.
You knew the following spells:

 Your Spells              Type           Power        Failure   Level  Hunger
a - Freeze                Ice            ###.         4%          1    N/A
d - Throw Icicle          Conj/Ice       ##......     63%         4    N/A
e - Throw Frost           Conj/Ice       ##....       12%         2    N/A
z - Ozocubu's Armour      Chrm/Ice       ##......     28%         3    N/A

Your spell library contained the following spells:

 Spells                   Type           Power        Failure   Level  Hunger
 Summon Ice Beast         Ice/Summ       ##......     67%         4    N/A

Dungeon Overview and Level Annotations

Branches:
Dungeon (5/15)
 Temple: D:4-7

Altars:
Fedhas
Kikubaaqudgha
Nemelex Xobeh
Okawaru

Shops:
D:4 ?(!*

Annotations:
D:3 exclusions: upstairs and worm
D:4 exclusion: downstairs


Innate Abilities, Weirdness & Mutations

You do not eat or drink.
Your flesh is vulnerable to fire.
You are immune to poison.
Your flesh is cold resistant. (rC+)
You are immune to negative energy. (rN+++)
You are immune to unholy pain and torment.
You can survive without breathing.


Message History

The rat closely misses you. The rat bites you but does no damage.
Casting: Freeze (safe; 4% risk of failure)
Confirm with . or Enter, or press ? or * to list all spells.
Aiming: Freeze (safe; 4% risk of failure)
Press: ? - help, Shift-Dir - straight line, f/p - rat
Aim: a rat You freeze the rat.
You kill the rat!
Kikubaaqudgha accepts your kill.
You now have 86 gold pieces (gained 5).
A bat comes into view.
The bat moves out of view.
No target in view!
Casting: Freeze (safe; 4% risk of failure)
Confirm with . or Enter, or press ? or * to list all spells.
You can't see any susceptible monsters within range! (Use Z to cast anyway.)
The bat is too close now for your liking.
The bat barely misses you.
Casting: Freeze (safe; 4% risk of failure)
Confirm with . or Enter, or press ? or * to list all spells.
Aiming: Freeze (safe; 4% risk of failure)
Press: ? - help, Shift-Dir - straight line, f - bat
Aim: a bat You freeze the bat.
You kill the bat!
Kikubaaqudgha accepts your kill.
You now have enough gold to buy a scroll of enchant armour on D:4, or buy a You can access your shopping list by pressing '$'.
You now have 96 gold pieces (gained 10).
Magic restored.
The ogre shouts!
The ogre is too close now for your liking.
Casting: Freeze (safe; 4% risk of failure)
Confirm with . or Enter, or press ? or * to list all spells.
You can't see any susceptible monsters within range! (Use Z to cast anyway.)
An ogre is nearby!
Casting: Freeze (safe; 4% risk of failure)
Confirm with . or Enter, or press ? or * to list all spells.
Aiming: Freeze (safe; 4% risk of failure)
Press: ? - help, Shift-Dir - straight line, f - ogre
Aim: an ogre, wielding a giant club You freeze the ogre.
The ogre is lightly wounded.
The ogre closely misses you.
You riposte.
You barely miss the ogre.
The ogre is lightly wounded.
An ogre is nearby!
You hit the ogre.
The ogre is moderately wounded.
The ogre hits you with a giant club!
Casting: Freeze (safe; 4% risk of failure)
Confirm with . or Enter, or press ? or * to list all spells.
Aiming: Freeze (safe; 4% risk of failure)
Press: ? - help, Shift-Dir - straight line, f/p - ogre
Aim: an ogre, wielding a giant club (moderately wounded)
You freeze the ogre.
The ogre is heavily wounded.
The ogre hits you with a giant club!
* * * LOW HITPOINT WARNING * * *
An ogre is nearby!
You hit the ogre.
The ogre is severely wounded.
The ogre hits you with a giant club!
You die...
Kikubaaqudgha rasps: "You have failed me!
Welcome... oblivion!"

.# .# ..# ##### ..# ....#
########..# ...#.# ###.#
##.........# .....# # #.#
##.#....#...####.....# ###.#
#..%....@............# ....###
#..#....#O..####.....#
......###.#.........####.....#
.......##.##.##.##...........#
......###.##.#†.....#..<....(#
<..##.# #.##.......###.......#
...##.###.##..#.###.#.##....##
#.............#...#..## .#.##
#####.......#####.<..###.#.###


You could see an ogre.

Vanquished Creatures
  An orc wizard (D:4)
  A centaur skeleton (D:4)
  A worker ant (D:4)
  A howler monkey skeleton (D:3)
  6 adders
  An ooze (D:1)
  2 worms
  A dart slug (D:1)
  A leopard gecko (D:1)
  4 orcs
  5 giant cockroaches
  3 hobgoblins
  5 jackals
  A quokka (D:4)
  4 bats
  3 frilled lizards
  5 goblins
  3 kobolds
  5 rats
53 creatures vanquished.

Notes
Turn   | Place    | Note
-------+----------+-------------------------------------------
     0 | D:1      | Amnesiac the Mummy Ice Elementalist began the quest for the
                  | Orb.
     0 | D:1      | Reached XP level 1. HP: 13/13 MP: 4/4
   373 | D:3      | Reached XP level 2. HP: 15/19 MP: 0/5
   377 | D:3      | Learned a level 2 spell: Throw Frost
   454 | D:2      | Noticed an ogre
   607 | D:3      | Reached XP level 3. HP: 19/24 MP: 2/7
   631 | D:3      | Learned a level 3 spell: Ozocubu's Armour
   869 | D:3      | Found a sparkling altar of Nemelex Xobeh.
   990 | D:4      | Found Efixurph's Distillery.
   993 | D:5      | Entered Level 5 of the Dungeon
   993 | D:5      | Noticed an ice beast
  1207 | D:4      | Reached XP level 4. HP: 30/30 MP: 5/9
  1216 | D:4      | Learned a level 4 spell: Throw Icicle
  1298 | D:4      | Found an iron altar of Okawaru.
  1780 | D:4      | Found Bedaoqo's Magic Scroll Shoppe.
  1782 | D:4      | Found Pegy's Antique Weapon Emporium.
  1786 | D:4      | Bought a scroll of random uselessness for 13 gold pieces
  1862 | D:4      | Found Causuho's General Store.
  1893 | D:4      | Found an ancient bone altar of Kikubaaqudgha.
  1913 | D:4      | Reached XP level 5. HP: 29/35 MP: 6/11
  1943 | D:4      | Found a blossoming altar of Fedhas.
  1949 | D:4      | Became a worshipper of Kikubaaqudgha
  1980 | D:4      | Reached skill level 1 in Necromancy
  2729 | D:2      | Slain by an ogre

Vault maps used:
D:1:      wheals_arrival_linesprint, serial_bayou_pond_c
D:2:      first_ration
D:3:      makhleb_heckhound_becter, nemelex_xobeh_ov_fountains_minmay,
          supply_closet_lemuel
D:4:      grunt_temple_overflow_growth_and_decay, kennysheep_little_box,
          serial_shops, shop, nicolae_shop_temple_entry_statues_fountains, shop,
          shop, nicolae_shop_crystal
D:5:      lemuel_insect_pit, marbit_many_paths, nicolae_ossuary_entry_plus,
          serial_shops, shop_statue

Skill      XL: |  1  2  3  4  5 |
---------------+----------------+-----
Ice Magic      | 3 4 |  4.1
Spellcasting   | 3 4 |  4.1
Necromancy     | 2 |  2.3
Dodging        | |  1.5
Stealth        | |  1.5
Conjurations   | |  0.7

Action                   |  1- 3 |  4- 6 || total
-------------------------+-------+-------++-------
Melee: Unarmed           |    19 |       ||    19
       Falchion          |     5 |    33 ||    38
 Cast: Freeze            |    48 |    49 ||    97
       Ozocubu's Armour  |       |     2 ||     2
  Use: Scroll            |       |     4 ||     4
Armor: Leather armour    |    21 |    25 ||    46
       Robe              |     2 |       ||     2
Dodge: Dodged            |    59 |    48 ||   107
       Rpst.: Falchion   |     2 |    25 ||    27

Table legend:
 A = Non-vault XP
 B = Vault XP
 C = Vault XP percentage of total XP
 D = Non-vault monster count
 E = Vault monster count
 F = Vault count percentage of total count
                 A         B        C        D         E       F
            +---------+---------+-------+---------+---------+-------
      Total |     295 |       0 |   0.0 |      53 |       0 |   0.0
            +---------+---------+-------+---------+---------+-------
        D:1 |      39 |       0 |   0.0 |      19 |       0 |   0.0
        D:2 |       4 |       0 |   0.0 |       3 |       0 |   0.0
        D:3 |     101 |       0 |   0.0 |      17 |       0 |   0.0
        D:4 |     145 |       0 |   0.0 |      11 |       0 |   0.0
        D:5 |       6 |       0 |   0.0 |       3 |       0 |   0.0
            +---------+---------+-------+---------+---------+-------
